 Dungeon Crawl Stone Soup version 0.27-a0-1497-gf8f22f7954 (webtiles) character file.

Game seed: 3621663698894263768

152 Lavandula the Cutter (level 5, -8/35 HPs)
             Began as a Vampire Enchanter on July 7, 2021.
             Was an Initiate of Dithmenos.
             Killed by divine providence
             ... invoked by an orc priest
              (13 damage)
             ... on level 4 of the Dungeon.
             The game lasted 00:06:20 (2841 turns).

Lavandula the Cutter (Vampire Enchanter)            Turns: 2841, Time: 00:06:20

Health: -8/35      AC:  3    Str:  7    XL:     5   Next: 11%
Magic:  8/8        EV: 12    Int: 24    God:    Dithmenos [......]
Gold:   143        SH:  0    Dex: 15    Spells: 2/8 levels left

rFire    . . .     SeeInvis +   a - +1 dagger
rCold    . . .     Faith    .   (no shield)
rNeg     . . .     Spirit   .   b - +0 robe
rPois    .         Reflect  .   k - +0 helmet
rElec    .         Harm     .   (no cloak)
rCorr    +         Rampage  .   (no gloves)
Will     .....                  (no boots)
Stlth    +++.......             (no amulet)
HPRegen  0.31/turn              g - +6 ring of intelligence
MPRegen  0.11/turn              o - ring of resist corrosion

@: healing quickly
A: alive, fangs 3, see invisible, vampiric 2
a: Exsanguinate, Renounce Religion


You were on level 4 of the Dungeon.
You worshipped Dithmenos.
Dithmenos was noncommittal.
You visited 2 branches of the dungeon, and saw 5 of its levels.

You collected 143 gold pieces.

Inventory:

Hand Weapons
 a - a +1 dagger (weapon)
Missiles
 m - 6 curare-tipped darts
Armour
 b - a +0 robe (worn)
 k - a +0 helmet (worn)
Jewellery
 g - a +6 ring of intelligence (left hand)
 o - a ring of resist corrosion (right hand)
Scrolls
 c - 2 scrolls of magic mapping {unknown}
 d - 2 scrolls of teleportation {unknown}
 f - a scroll of noise {unknown}
 h - 3 scrolls of amnesia {unknown}
 n - a scroll of summoning {unknown}
 p - a scroll of fog {unknown}
Potions
 e - 2 potions of curing {unknown}
 i - a potion of lignification {unknown}
 j - a potion of ambrosia {unknown}
 l - a potion of degeneration {unknown}


   Skills:
 + Level 0.1 Fighting
 - Level 5.3 Short Blades
 - Level 2.1 Dodging
 - Level 4.4 Stealth
 - Level 2.1 Spellcasting
 - Level 4.4 Hexes


You had 2 spell levels left.
You knew the following spells:

 Your Spells              Type           Power      Damage    Failure   Level
a - Corona                Hex            25%        N/A       1%          1
b - Ensorcelled Hibernat  Hex/Ice        26%        N/A       8%          2
c - Tukima's Dance        Hex            23%        N/A       6%          3

Your spell library contained the following spells:

 Spells                   Type           Power      Damage    Failure   Level
 Confusing Touch          Hex            23%        N/A       6%          3
 Dazzling Flash           Conj/Hex       26%        N/A       14%         3
 Stone Arrow              Conj/Erth      4%         3d7       34%         3
 Animate Armour           Summ/Erth      4%         N/A       75%         4
 Lehudib's Crystal Spear  Conj/Erth      1%         10d2      100%        8


Dungeon Overview and Level Annotations

Branches:
Dungeon (4/15)             Temple (1/1) D:4

Altars:
Ashenzari
Cheibriados
Dithmenos
Fedhas
Gozag
Hepliaklqana
Nemelex Xobeh
Qazlal
Ru
Sif Muna
Trog
Uskayaw
Vehumet
Xom
Yredelemnul
Zin

Annotations:
D:3 1 runed translucent door, Fama's ghost, amateur GrCK


Innate Abilities, Weirdness & Mutations

Your natural rate of healing is accelerated.
You have razor-sharp teeth.
You have supernaturally acute eyesight. (SInv)
You are afflicted with vampirism and can become a bat while bloodless.


Message History

HP restored.
You climb upwards.
Welcome back to the Dungeon!
The quokka barely misses you.
The orc throws a boomerang.
The boomerang hits you. The quokka barely misses you.
The orc priest looks braver for a moment.
The orc throws a boomerang.
The boomerang closely misses you.
There is a staircase to the Ecumenical Temple, spattered with blood here.
Unknown command.
The quokka closely misses you.
You climb downwards.
Welcome back to the Ecumenical Temple!
There is a staircase back to the Dungeon, spattered with blood here.
Casting: Ensorcelled Hibernation (safe; 8% risk of failure)
Confirm with . or Enter, or press ? or * to list all spells.
Aiming: Ensorcelled Hibernation (safe; 8% risk of failure)
Press: ? - help, Shift-Dir - straight line, f - quokka
Aim: a quokka (chance to affect: 62%)
The quokka looks drowsy...
Unknown command.
The helpless quokka fails to defend itself.
You impale the quokka!!
You kill the quokka!
Dithmenos accepts your kill.
You start resting.
HP restored.
You start resting.
Magic restored.
You climb upwards.
Welcome back to the Dungeon!
The orc hits you with a +0 whip.
The orc throws a boomerang.
The boomerang closely misses you. The orc hits you with a +0 whip.
The orc priest invokes the aid of Beogh against you.
Beogh smites you!
The orc priest calls down the wrath of Beogh upon you.
Beogh smites you!
* * * LOW HITPOINT WARNING * * *
There is a staircase to the Ecumenical Temple, spattered with blood here.
The orc barely misses you.
The orc priest looks satisfied for a moment.
The orc priest invokes the aid of Beogh against you.
Beogh smites you!
You die...

#..# ..... ..## ......#
#..# ....... #..##
.......## ###..##
........### ##.o...##
#?........# ####........
#.....♣.♣.###......###..
..o....@oo.o....#### ..
......♣o♣......## .
..(..........###
.....######..## ....
#<..# ... #.......# ..
#..##..... ..## ###..
..# .


You could see 2 orc priests, an orc wizard and 2 orcs.

Vanquished Creatures
  Jessica (D:2)
  6 adders
  A howler monkey skeleton (D:2)
  A worm (D:2)
  A dart slug (D:3)
  2 orcs (Temple)
  2 bats (D:1)
  2 endoplasms
  2 giant cockroaches
  10 hobgoblins
  7 jackals (D:1)
  2 kobolds
  3 quokkas
  4 ball pythons
  4 frilled lizards
  4 rats
52 creatures vanquished.

Vanquished Creatures (collateral kills)
  2 orcs (Temple)
2 creatures vanquished.

Vanquished Creatures (others)
  2 withered plants (D:3)
2 creatures vanquished.

Grand Total: 56 creatures vanquished

Notes
Turn   | Place    | Note
-------+----------+-------------------------------------------
     0 | D:1      | Lavandula the Vampire Enchanter began the quest for the
                  | Orb.
     0 | D:1      | Reached XP level 1. HP: 13/13 MP: 3/3
   240 | D:1      | Reached skill level 2 in Short Blades
   317 | D:1      | Reached XP level 2. HP: 12/19 MP: 3/5
   327 | D:1      | Learned a level 2 spell: Ensorcelled Hibernation
   744 | D:1      | Reached skill level 3 in Short Blades
   783 | D:1      | Found a faded altar of an unknown god.
   907 | D:1      | Gained mutation: You are afflicted with vampirism and can
                  | become a bat while bloodless. [Vampire growth]
   907 | D:1      | Reached XP level 3. HP: 24/24 MP: 6/6
  1069 | D:2      | Reached skill level 4 in Short Blades
  1083 | D:2      | Learned a level 3 spell: Tukima's Dance
  1138 | D:2      | Reached XP level 4. HP: 29/30 MP: 7/7
  1280 | D:2      | Noticed Jessica
  1297 | D:2      | Killed Jessica
  1298 | D:2      | Reached skill level 5 in Short Blades
  1708 | D:3      | Found a stormy altar of Qazlal.
  1718 | D:3      | Found a runed translucent door.
  1723 | D:3      | Noticed Fama's ghost (amateur GrCK)
  1753 | D:3      | Reached XP level 5. HP: 26/35 MP: 4/8
  2397 | D:3      | Found a shimmering altar of Xom.
  2469 | D:4      | Found a staircase to the Ecumenical Temple.
  2498 | Temple   | Entered the Ecumenical Temple
  2555 | Temple   | Became a worshipper of Dithmenos the Shadowed
  2841 | D:4      | Killed from afar by an orc priest

Illustrated notes

Levels and vault maps discovered:
D:1:      scummos_arrival_gate, layout_basic,
          hellmonk_ecumenical_altar_heavens_door
D:2:      layout_rooms, uniq_jessica
D:3:      layout_basic, nicolae_qazlal_scattered_showers, xom_teletrap_fun,
          gammafunk_ghost_grave
D:4:      layout_layer_cave, makhleb_blood_cavern_becter,
          minmay_temple_entry_trees
Temple:   minmay_crystal_spiral_temple

Skill      XL: |  1  2  3  4 |
---------------+-------------+-----
Short Blades   | 2 3 4 5 |  5.3
Fighting       | |  0.1
Dodging        | |  2.1
Stealth        | |  4.4
Spellcasting   | |  2.1
Hexes          | |  4.4

Action                   |  1- 3 |  4- 6 || total
-------------------------+-------+-------++-------
Melee: Dagger            |   106 |    80 ||   186
       Bite              |     8 |     5 ||    13
 Cast: Corona            |     7 |       ||     7
       Ensorcelled Hiber |     4 |    15 ||    19
       Tukima's Dance    |       |     1 ||     1
 Stab: Sleeping          |     7 |    10 ||    17
       Distracted        |     1 |       ||     1
Armor: Robe              |    16 |    11 ||    27
Dodge: Dodged            |    74 |    47 ||   121

Table legend: (Time is in decaauts)
 A = Elapsed time spent in this place.
 B = Non-inter-level travel time spent in this place.
 C = Inter-level travel time spent in this place.
 D = Time resting spent in this place.
 E = Time spent auto-exploring this place.
 F = Levels seen in this place.
 G = Mean time per level.
                   A        B        C        D        E       F      G
               +--------+--------+--------+--------+--------+-----+--------+
         Total |   2808 |   2622 |    186 |    319 |   1714 |   5 |  561.6 |
       Dungeon |   2477 |   2402 |     75 |    259 |   1661 |   4 |  619.2 |
        Temple |    331 |    220 |    111 |     60 |     53 |   1 |  331.0 |
               +--------+--------+--------+--------+--------+-----+--------+

Top non-repeatable levels by time:
     D:1: 917 daAuts
     D:3: 878 daAuts
     D:2: 640 daAuts
  Temple: 331 daAuts
     D:4: 42 daAuts
